TOP OF THE 1ST |
Waterbury Rough Riders batting - Pitching for Lynn Sailors : LHP Manuel Pena
|
Pitching: LHP Manuel Pena
|
|
Batting: RHB David Corman
|
0-0: Swinging Strike 0-1: Ball 1-1: Ball 2-1: Fly out, F9 (Flyball, 9S, EV 83.8 MPH)
|
Batting: RHB Daniel Purpura
|
0-0: Ball 1-0: Foul Ball, location: 2F 1-1: Ball 2-1: Ball 3-1: Called Strike 3-2: Base on Balls
|
Batting: RHB Billy Beane
|
0-0: Ball 1-0: Fielders Choice at 2nd, 6-4 (Groundball, 56, EV 101.3 MPH)
|
Batting: RHB Gary Skow
|
0-0: Ball 1-0: Called Strike 1-1: Foul Ball, location: 2F 1-2: Strikes out swinging
|
Top of the 1st over - 0 runs, 0 hits, 0 errors, 1 left on base; Waterbury 0 - Lynn 0 |
BOTTOM OF THE 1ST |
Lynn Sailors batting - Pitching for Waterbury Rough Riders : RHP Bill Sattler
|
Pitching: RHP Bill Sattler
|
|
Batting: SHB Bip Roberts
|
0-0: Ball 1-0: Ball 2-0: Foul Ball, location: 2F 2-1: Swinging Strike 2-2: Fly out, F9 (Flyball, 9, EV 78.1 MPH)
|
Batting: RHB Ron Wotus
|
0-0: Ball 1-0: Called Strike 1-1: Ball 2-1: SINGLE (Groundball, 4MS, EV 68.1 MPH) (infield hit)
|
Batting: RHB Mike Rubel
|
0-0: Ball Ron Wotus steals 2nd base (no throw) 1-0: Swinging Strike 1-1: Ball 2-1: Ball 3-1: Foul Ball, location: 2F 3-2: Base on Balls
|
Batting: RHB Ken Gerhart
|
0-0: Called Strike Ron Wotus steals 3rd base 0-1: Ball 1-1: Called Strike 1-2: Ball 2-2: Fly out, F9 (Line Drive, 9D, EV 97.5 MPH) Runner from 3rd tags up, SCORES, no throw by RF
|
Batting: RHB Mike Reddish
|
0-0: Ball 1-0: Foul Ball, location: 2F 1-1: Swinging Strike 1-2: Ball 2-2: SINGLE (Line Drive, 7LS, EV 92.5 MPH) Mike Rubel to second
|
Batting: RHB Jorge Hinojosa
|
0-0: Ball 1-0: Fly out, F8 (Line Drive, 8RM, EV 88.8 MPH)
|
Bottom of the 1st over - 1 run, 2 hits, 0 errors, 2 left on base; Waterbury 0 - Lynn 1 |
TOP OF THE 2ND |
Waterbury Rough Riders batting - Pitching for Lynn Sailors : LHP Manuel Pena
|
Batting: RHB Junior Ortiz
|
0-0: Foul Ball, location: 2F 0-1: Swinging Strike 0-2: Ball 1-2: Foul Ball, location: 2F 1-2: Foul Ball, location: 2F 1-2: Ball 2-2: Ground out 6-3 (Groundball, 6, EV 87.5 MPH)
|
Batting: RHB Jack Fimple
|
0-0: Swinging Strike 0-1: Fly out, F3 (Popup, 3D, EV 75.0 MPH)
|
Batting: RHB Joseph Pocoroba
|
0-0: Called Strike 0-1: Ball 1-1: Foul Ball, location: 2F 1-2: SINGLE (Groundball, 34D, EV 104.4 MPH)
|
Batting: LHB Mike Lebo
|
0-0: Called Strike 0-1: Fielders Choice at 2nd, 4-6 (Groundball, 4MD, EV 81.9 MPH)
|
Top of the 2nd over - 0 runs, 1 hit, 0 errors, 1 left on base; Waterbury 0 - Lynn 1 |
BOTTOM OF THE 2ND |
Lynn Sailors batting - Pitching for Waterbury Rough Riders : RHP Bill Sattler
|
Batting: RHB Vinny Jaramillo
|
0-0: SINGLE (Groundball, P, EV 84.4 MPH) (infield hit)
|
Batting: SHB Danny Gans
|
0-0: Foul Ball, location: 2F 0-1: Ball Vinny Jaramillo is caught stealing 2nd base 2-6 1-1: Ball 2-1: Foul Ball, location: 2F 2-2: Ground out 6-3 (Groundball, 6, EV 81.9 MPH)
|
Batting: RHB Ezequiel Carrasco
|
0-0: Ball 1-0: Foul Ball, location: 2F 1-1: Foul Ball, location: 2F 1-2: Ball 2-2: Ball 3-2: Strikes out swinging
|
Bottom of the 2nd over - 0 runs, 1 hit, 0 errors, 0 left on base; Waterbury 0 - Lynn 1 |
TOP OF THE 3RD |
Waterbury Rough Riders batting - Pitching for Lynn Sailors : LHP Manuel Pena
|
Batting: LHB Wilson Tucker
|
0-0: Ball 1-0: Ground out 4-3 (Groundball, 4, EV 89.4 MPH)
|
Batting: RHB David Corman
|
0-0: Foul Ball, location: 2F 0-1: Ball 1-1: Ball 2-1: Ground out 5-3 (Groundball, 56S, EV 76.9 MPH)
|
Batting: RHB Daniel Purpura
|
0-0: Ball 1-0: Ball 2-0: Ball 3-0: Base on Balls
|
Batting: RHB Billy Beane
|
0-0: Called Strike 0-1: Called Strike 0-2: Ball 1-2: SINGLE (Line Drive, 6MD, EV 95.0 MPH) Daniel Purpura to second
|
Batting: RHB Gary Skow
|
0-0: Called Strike 0-1: Ball 1-1: Ball 2-1: Foul Ball, location: 2F 2-2: Foul Ball, location: 2F 2-2: Foul Ball, location: 2F 2-2: Foul Ball, location: 2F 2-2: Ball 3-2: Foul Ball, location: 2F 3-2: Foul Ball, location: 2F 3-2: Fly out, F8 (Flyball, 89XD, EV 83.1 MPH)
|
Top of the 3rd over - 0 runs, 1 hit, 0 errors, 2 left on base; Waterbury 0 - Lynn 1 |
BOTTOM OF THE 3RD |
Lynn Sailors batting - Pitching for Waterbury Rough Riders : RHP Bill Sattler
|
Batting: SHB Bip Roberts
|
0-0: Ball 1-0: Ball 2-0: Ball 3-0: Base on Balls
|
Batting: RHB Ron Wotus
|
0-0: Ball 1-0: Ball 2-0: Ball 3-0: Base on Balls Bip Roberts to second
|
Batting: RHB Mike Rubel
|
0-0: Called Strike 0-1: TRIPLE (Flyball, 9LD, EV 106.3 MPH) Bip Roberts scores Ron Wotus scores
|
Batting: RHB Ken Gerhart
|
0-0: Ground out 4-3 (Groundball, 4, EV 79.4 MPH) Mike Rubel scores
|
Batting: RHB Mike Reddish
|
0-0: Ball 1-0: Called Strike 1-1: SOLO HOME RUN (Flyball, 89XD, EV 103.8 MPH), Distance : 411 ft
|
Batting: RHB Jorge Hinojosa
|
0-0: Foul Ball, location: 2F 0-1: Swinging Strike 0-2: Foul Ball, location: 2F 0-2: Ball 1-2: Foul Ball, location: 2F 1-2: Ball 2-2: Strikes out looking
|
Batting: RHB Vinny Jaramillo
|
0-0: Ball 1-0: Called Strike 1-1: Ball 2-1: Foul Ball, location: 2F 2-2: Ground out 6-3 (Groundball, 6, EV 80.6 MPH)
|
Bottom of the 3rd over - 4 runs, 2 hits, 0 errors, 0 left on base; Waterbury 0 - Lynn 5 |
TOP OF THE 4TH |
Waterbury Rough Riders batting - Pitching for Lynn Sailors : LHP Manuel Pena
|
Batting: RHB Junior Ortiz
|
0-0: Ball 1-0: Ball 2-0: Called Strike 2-1: Ground out 5-3 (Groundball, 56S, EV 83.1 MPH)
|
Batting: RHB Jack Fimple
|
0-0: Called Strike 0-1: Ball 1-1: SOLO HOME RUN (Flyball, 7D, EV 108.1 MPH), Distance : 368 ft
|
Batting: RHB Joseph Pocoroba
|
0-0: Called Strike 0-1: Called Strike 0-2: Ball 1-2: Strikes out swinging
|
Batting: LHB Mike Lebo
|
0-0: Called Strike 0-1: Called Strike 0-2: Ball 1-2: Strikes out swinging
|
Top of the 4th over - 1 run, 1 hit, 0 errors, 0 left on base; Waterbury 1 - Lynn 5 |
BOTTOM OF THE 4TH |
Lynn Sailors batting - Pitching for Waterbury Rough Riders : RHP Bill Sattler
|
Batting: SHB Danny Gans
|
0-0: Foul Ball, location: 2F 0-1: Swinging Strike 0-2: Foul Ball, location: 2F 0-2: Ball 1-2: Foul Ball, location: 2F 1-2: Strikes out swinging
|
Batting: RHB Ezequiel Carrasco
|
0-0: SINGLE (Groundball, 56D, EV 99.4 MPH)
|
Batting: SHB Bip Roberts
|
0-0: Fielders Choice at 2nd, 5-4 (Groundball, 56, EV 103.8 MPH)
|
Batting: RHB Ron Wotus
|
0-0: Ball 1-0: SINGLE (Groundball, 25, EV 66.9 MPH) (infield hit) Bip Roberts to second
|
Batting: RHB Mike Rubel
|
0-0: Called Strike 0-1: Fly out, F9 (Flyball, 9LM, EV 81.9 MPH)
|
Bottom of the 4th over - 0 runs, 2 hits, 0 errors, 2 left on base; Waterbury 1 - Lynn 5 |
TOP OF THE 5TH |
Waterbury Rough Riders batting - Pitching for Lynn Sailors : LHP Manuel Pena
|
Batting: LHB Wilson Tucker
|
0-0: Foul Ball, location: 2F 0-1: Ball 1-1: SOLO HOME RUN (Flyball, 78XD, EV 98.8 MPH), Distance : 413 ft
|
Batting: RHB David Corman
|
0-0: Ball 1-0: Fly out, F3 (Line Drive, 3, EV 65.6 MPH)
|
Batting: RHB Daniel Purpura
|
0-0: Ball 1-0: Called Strike 1-1: Foul Ball, location: 2F 1-2: Ground out 4-3 (Groundball, 4, EV 80.6 MPH)
|
Batting: RHB Billy Beane
|
0-0: Called Strike 0-1: Foul Ball, location: 2F 0-2: Ball 1-2: Ball 2-2: Ball 3-2: Foul Ball, location: 2F 3-2: Strikes out looking
|
Top of the 5th over - 1 run, 1 hit, 0 errors, 0 left on base; Waterbury 2 - Lynn 5 |
BOTTOM OF THE 5TH |
Lynn Sailors batting - Pitching for Waterbury Rough Riders : RHP Bill Sattler
|
Batting: RHB Ken Gerhart
|
0-0: Ball 1-0: Reached on error, E5 (Groundball, 56, EV 105.6 MPH)
|
Batting: RHB Mike Reddish
|
0-0: Foul Ball, location: 2F 0-1: Ball 1-1: Swinging Strike 1-2: Ball 2-2: Ball 3-2: Base on Balls Ken Gerhart to second
|
Batting: RHB Jorge Hinojosa
|
0-0: Called Strike Ken Gerhart steals 3rd base 0-1: Ball 1-1: Called Strike 1-2: Foul Ball, location: 2F 1-2: TRIPLE (Line Drive, 9LD, EV 103.8 MPH) Ken Gerhart scores Mike Reddish scores
|
Pitching: RHP Jeffrey Orville
|
|
Batting: RHB Vinny Jaramillo
|
0-0: Ball Wild Pitch! Jorge Hinojosa scores 1-0: Foul Ball, location: 2F 1-1: Called Strike 1-2: Strikes out swinging
|
Batting: SHB Danny Gans
|
0-0: Ball 1-0: Ball 2-0: Swinging Strike 2-1: Foul Ball, location: 2F 2-2: Ball 3-2: Foul Ball, location: 2F 3-2: Base on Balls
|
Batting: RHB Ezequiel Carrasco
|
0-0: Ball 1-0: Swinging Strike 1-1: Ball 2-1: Swinging Strike 2-2: Strikes out swinging Danny Gans is caught stealing 2nd base 2-4 Batter strikes out.
|
Bottom of the 5th over - 3 runs, 1 hit, 1 error, 0 left on base; Waterbury 2 - Lynn 8 |
TOP OF THE 6TH |
Waterbury Rough Riders batting - Pitching for Lynn Sailors : LHP Manuel Pena
|
Batting: RHB Gary Skow
|
0-0: Called Strike 0-1: DOUBLE (Line Drive, 78D, EV 110.6 MPH)
|
Batting: RHB Junior Ortiz
|
0-0: Ball 1-0: Foul Ball, location: 2F 1-1: Ground out 5-3 (Groundball, 56S, EV 91.9 MPH)
|
Batting: RHB Jack Fimple
|
0-0: Ball 1-0: Called Strike 1-1: Fly out, F8 (Line Drive, 8RD, EV 88.1 MPH)
|
Batting: RHB Joseph Pocoroba
|
0-0: DOUBLE (Line Drive, 7LS, EV 101.3 MPH) Gary Skow scores
|
Batting: LHB Mike Lebo
|
0-0: Called Strike 0-1: Fly out, F8 (Flyball, 8LS, EV 90.0 MPH)
|
Top of the 6th over - 1 run, 2 hits, 0 errors, 1 left on base; Waterbury 3 - Lynn 8 |
BOTTOM OF THE 6TH |
Lynn Sailors batting - Pitching for Waterbury Rough Riders : RHP Jeffrey Orville
|
Batting: SHB Bip Roberts
|
0-0: Ball 1-0: Fly out, F8 (Flyball, 78D, EV 94.4 MPH)
|
Batting: RHB Ron Wotus
|
0-0: Ball 1-0: Ball 2-0: SINGLE (Line Drive, 4MD, EV 96.9 MPH)
|
Batting: RHB Mike Rubel
|
0-0: Fly out, F8 (Flyball, 89D, EV 89.4 MPH)
|
Batting: RHB Ken Gerhart
|
0-0: Called Strike 0-1: Called Strike 0-2: Foul Ball, location: 2F 0-2: Ball 1-2: DOUBLE (Flyball, 89D, EV 103.1 MPH) Ron Wotus to third Runner from 3rd tries for Home, SAFE, throw by RF to home
|
Batting: RHB Mike Reddish
|
0-0: SINGLE (Flyball, 3D, EV 93.8 MPH) Ken Gerhart to third Runner from 3rd tries for Home, SAFE, throw by RF to home
|
Batting: RHB Jorge Hinojosa
|
0-0: Ball 1-0: Fielders Choice at 2nd, 5-4 (Groundball, 56, EV 86.3 MPH)
|
Bottom of the 6th over - 2 runs, 3 hits, 0 errors, 1 left on base; Waterbury 3 - Lynn 10 |
TOP OF THE 7TH |
Waterbury Rough Riders batting - Pitching for Lynn Sailors : LHP Manuel Pena
|
Batting: LHB Wilson Tucker
|
0-0: Called Strike 0-1: Ball 1-1: Called Strike 1-2: Ball 2-2: Fly out, F8 (Flyball, 8LD, EV 97.5 MPH)
|
Batting: RHB David Corman
|
0-0: Ground out 5-3 (Groundball, 5S, EV 81.3 MPH)
|
Batting: RHB Daniel Purpura
|
0-0: Ball 1-0: SINGLE (Groundball, 6MD, EV 93.8 MPH)
|
Batting: RHB Billy Beane
|
0-0: Ball 1-0: Foul Ball, location: 2F 1-1: Ball 2-1: Called Strike 2-2: Ground out 4-3 (Groundball, 4, EV 81.9 MPH)
|
Top of the 7th over - 0 runs, 1 hit, 0 errors, 1 left on base; Waterbury 3 - Lynn 10 |
BOTTOM OF THE 7TH |
Lynn Sailors batting - Pitching for Waterbury Rough Riders : RHP Jeffrey Orville
|
Pinch Hitting: LHB Howard McCann
|
0-0: Foul Ball, location: 2F 0-1: Swinging Strike 0-2: Foul Ball, location: 2F 0-2: Ball 1-2: Foul Ball, location: 2F 1-2: Ground out U3 (Groundball, 34S, EV 85.0 MPH)
|
Batting: SHB Danny Gans
|
0-0: Ball 1-0: Ball 2-0: SOLO HOME RUN (Flyball, 9D, EV 102.5 MPH), Distance : 397 ft
|
Pinch Hitting: RHB David Schuman
|
0-0: Ball 1-0: Ball 2-0: Foul Ball, location: 2F 2-1: Fly out, F8 (Flyball, 8LD, EV 88.8 MPH)
|
Pinch Hitting: SHB Rosben Majam
|
0-0: Foul Ball, location: 2F 0-1: Ball 1-1: Ground out 5-3 (Groundball, 56S, EV 94.4 MPH)
|
Bottom of the 7th over - 1 run, 1 hit, 0 errors, 0 left on base; Waterbury 3 - Lynn 11 |
TOP OF THE 8TH |
Waterbury Rough Riders batting - Pitching for Lynn Sailors : LHP Manuel Pena
|
Pitching: RHP Larry Hrynko
|
|
Now at 2B: Rosben Majam
|
|
Now at SS: Howard McCann
|
|
Now in LF: Carmelo Castillo
|
|
Batting: RHB Gary Skow
|
0-0: Called Strike 0-1: Ball 1-1: Ground out 4-3 (Groundball, 4D, EV 101.9 MPH)
|
Batting: RHB Junior Ortiz
|
0-0: Swinging Strike 0-1: Called Strike 0-2: Ball 1-2: Ball 2-2: Foul Ball, location: 2F 2-2: Ground out 1-3 (Groundball, 34S, EV 68.8 MPH)
|
Batting: RHB Jack Fimple
|
0-0: Swinging Strike 0-1: Foul Ball, location: 2F 0-2: Ball 1-2: Ball 2-2: Foul Ball, location: 2F 2-2: Ball 3-2: Base on Balls
|
Batting: RHB Joseph Pocoroba
|
0-0: Ball 1-0: Ball 2-0: Ball 3-0: Called Strike 3-1: Base on Balls Jack Fimple to second
|
Batting: LHB Mike Lebo
|
0-0: Called Strike 0-1: Ball 1-1: Foul Ball, location: 2F 1-2: Ball 2-2: Ball 3-2: Base on Balls Jack Fimple to third Joseph Pocoroba to second
|
Batting: LHB Wilson Tucker
|
0-0: Fly out, F5 (Popup, 5SF, EV 72.5 MPH)
|
Top of the 8th over - 0 runs, 0 hits, 0 errors, 3 left on base; Waterbury 3 - Lynn 11 |
BOTTOM OF THE 8TH |
Lynn Sailors batting - Pitching for Waterbury Rough Riders : RHP Jeffrey Orville
|
Pinch Hitting: RHB Lee Wenzel
|
0-0: Ball 1-0: Ball 2-0: Ground out 5-3 (Groundball, 56S, EV 88.1 MPH)
|
Batting: RHB Mike Rubel
|
0-0: Called Strike 0-1: Called Strike 0-2: Foul Ball, location: 2F 0-2: Foul Ball, location: 2F 0-2: Ball 1-2: Foul Ball, location: 2F 1-2: SOLO HOME RUN (Flyball, 7D, EV 106.9 MPH), Distance : 367 ft
|
Batting: RHB Ken Gerhart
|
0-0: Foul Ball, location: 2F 0-1: SOLO HOME RUN (Flyball, 7D, EV 86.3 MPH), Distance : 379 ft
|
Batting: RHB Mike Reddish
|
0-0: Swinging Strike 0-1: Swinging Strike 0-2: Ball 1-2: Fly out, F8 (Flyball, 89S, EV 77.5 MPH)
|
Batting: RHB Jorge Hinojosa
|
0-0: Ball 1-0: Called Strike 1-1: Ball 2-1: SINGLE (Groundball, 56S, EV 73.8 MPH) (infield hit)
|
Batting: LHB Howard McCann
|
0-0: Ball 1-0: Foul Ball, location: 2F 1-1: Ball 2-1: Fly out, F4 (Popup, 4D, EV 64.4 MPH)
|
Bottom of the 8th over - 2 runs, 3 hits, 0 errors, 1 left on base; Waterbury 3 - Lynn 13 |
TOP OF THE 9TH |
Waterbury Rough Riders batting - Pitching for Lynn Sailors : RHP Larry Hrynko
|
Now at 1B: Lee Wenzel
|
|
Batting: RHB David Corman
|
0-0: Called Strike 0-1: Ball 1-1: Ground out 5-3 (Groundball, 5, EV 110.6 MPH)
|
Batting: RHB Daniel Purpura
|
0-0: Ball 1-0: Fly out, F8 (Flyball, 8RS, EV 77.5 MPH)
|
Batting: RHB Billy Beane
|
0-0: Ball 1-0: Swinging Strike 1-1: Called Strike 1-2: Ball 2-2: Ball 3-2: Foul Ball, location: 2F 3-2: Base on Balls
|
Batting: RHB Gary Skow
|
0-0: Called Strike 0-1: Ball 1-1: Ball Passed Ball! Billy Beane to second 2-1: Swinging Strike 2-2: Foul Ball, location: 2F 2-2: Ball 3-2: Base on Balls
|
Pitching: RHP Jose Morales
|
|
Batting: RHB Junior Ortiz
|
0-0: Ball 1-0: Ball 2-0: Ball 3-0: Called Strike 3-1: SINGLE (Groundball, 6MD, EV 94.4 MPH) Billy Beane to third Gary Skow to second
|
Batting: RHB Jack Fimple
|
0-0: Called Strike 0-1: Ball 1-1: GRAND SLAM HOME RUN (Flyball, 78XD, EV 103.8 MPH), Distance : 398 ft
|
Batting: RHB Joseph Pocoroba
|
0-0: Called Strike 0-1: Ball 1-1: Called Strike 1-2: Ball 2-2: Foul Ball, location: 2F 2-2: Foul Ball, location: 2F 2-2: Fly out, F4 (Popup, 13S, EV 88.1 MPH)
|
Top of the 9th over - 4 runs, 2 hits, 0 errors, 0 left on base; Waterbury 7 - Lynn 13 |
|